 Dungeon Crawl Stone Soup version 0.28-a0-247-gb8bfbab023 (webtiles) character file.

Game seed: 12021570651151200083

221 Raultor the Insei (level 5, 0/33 HPs)
             Began as an Octopode Transmuter on Aug 26, 2021.
             Succumbed to a scorpion's poison
             ... on level 4 of the Dungeon.
             The game lasted 00:07:06 (3327 turns).

Raultor the Insei (Octopode Transmuter)             Turns: 3327, Time: 00:07:07

Health: 0/33       AC:  1    Str: 10    XL:     5   Next: 98%
Magic:  17/17      EV: 13    Int: 16    God:
Gold:   133        SH:  0    Dex: 12    Spells: 1/8 levels left

rFire   x . .      SeeInvis .     - Unarmed
rCold   + . .      Faith    .   (no shield)
rNeg    . . .      Spirit   .   (helmet restricted)
rPois   .          Reflect  .   (no amulet)
rElec   .          Harm     .   M - ring of magical power
rCorr   .          Rampage  .   C - ring of ice
Will    .....                   (no ring)
Stlth   ++........              (no ring)
HPRegen 0.11/turn               (no ring)
MPRegen 0.15/turn               (no ring)
                                (no ring)
                                (no ring)

@: lethally poisoned (0 -> -7), wereblooded, hasted, very quick
A: almost no armour, amphibious, 8 rings, camouflage 1, gelatinous body 1,
(nimble swimmer 1), tentacles
a: no special abilities


You were on level 4 of the Dungeon.
You visited 1 branch of the dungeon, and saw 4 of its levels.

You collected 133 gold pieces.


Innate Abilities, Weirdness & Mutations

You cannot wear most types of armour.
You are amphibious.
You can wear up to eight rings at the same time.
Your skin changes colour to match your surroundings (Stealth+).
Your rubbery body absorbs attacks. (AC +1, EV +1)
((You are camouflaged near water. (Stealth+)))
You have tentacles for arms and can constrict up to eight enemies at once.


   Skills:
 - Level 1.0 Fighting
 - Level 2.0 Dodging
 + Level 4.7 Unarmed Combat
 - Level 2.0 Spellcasting
 + Level 4.1 Transmutations
 + Level 2.1 Ice Magic


You had one spell level left.
You knew the following spells:

 Your Spells              Type           Power      Damage    Failure   Level
b - Beastly Appendage     Tmut           28%        N/A       3%          1
c - Ice Form              Ice/Tmut       17%        N/A       50%         4
w - Wereblood             Tmut           14%        N/A       6%          2

Your spell library contained the following spells:

 Spells                   Type           Power      Damage    Failure   Level
 Spider Form              Tmut/Pois      4%         N/A       26%         3
 Call Canine Familiar     Summ           1%         N/A       52%         3
 Portal Projectile        Hex/Tloc       2%         N/A       52%         3
 Leda's Liquefaction      Hex/Erth       0%         N/A       90%         4

Inventory:

Jewellery
 C - a ring of ice (right tentacle)
 M - a ring of magical power (left tentacle)
Scrolls
 a - 2 scrolls of noise {unknown}
 b - a scroll of teleportation {unknown}
 d - 2 scrolls of identify {unknown}
 e - a scroll of vulnerability {unknown}
 f - a scroll of blinking {unknown}

Dungeon Overview and Level Annotations

Branches:
Dungeon (4/15)
 Temple: D:4-7

Altars:
Ru

Annotations:
D:3 Grinder

+ #...# #.##...## .#
#.......### .#
#.........# ###.####
#....<..†.###......#
#..............#.#.#
###..$..##.....#.#.#
##...###.......#.#
#..... #...@.###.#
.##.##.#.....###.# .
..# .###.......####
( #### #
#.##...†...# ######
#.##.#####.###.#...
..##.#####.##...)#
#####.##......<...#
#.##.##..#......
#.## #.#.###.##


There were no monsters in sight!


Message History

The scorpion poisons you!
You tentacle-slap the scorpion.
The scorpion is severely wounded.
You constrict the scorpion, but do no damage.
You feel sick. The scorpion stings you!
* * * LOW HITPOINT WARNING * * *
You are lethally poisoned!
The scorpion poisons you! The scorpion stings you.
* * * LOW HITPOINT WARNING * * *
You tentacle-slap the scorpion but do no damage.
You squeeze the scorpion.
You feel a bit better.
You kill the scorpion!
* * * LOW HITPOINT WARNING * * *
You feel very sick.
Your Transmutations skill increases to level 4!
Your Ice Magic skill increases to level 2!
* * * LOW HITPOINT WARNING * * *
You feel very sick.
It was a potion of haste.
You feel yourself speed up.
* * * LOW HITPOINT WARNING * * *
You feel very sick.
It was a potion of magic.
Magic courses through your body.
* * * LOW HITPOINT WARNING * * *
You feel sick.
* * * LOW HITPOINT WARNING * * *
You feel sick.
* * * LOW HITPOINT WARNING * * *
You feel sick.
You howl as the wereblood boils in your veins!
You die...

Skill      XL: |  1  2  3  4  5 |
---------------+----------------+-----
Transmutations | 3 4 |  4.1
Unarmed Combat | 4 |  4.7
Ice Magic      | 1 2 |  2.1
Fighting       | |  1.0
Dodging        | |  2.0
Spellcasting   | |  2.0

Action                   |  1- 3 |  4- 6 || total
-------------------------+-------+-------++-------
Melee: Unarmed           |    75 |    61 ||   136
       Constrict         |    17 |    19 ||    36
       Tentacles         |     8 |    14 ||    22
       Kick              |    10 |       ||    10
       Punch             |       |     2 ||     2
 Cast: Beastly Appendage |     6 |       ||     6
       Wereblood         |     2 |     3 ||     5
  Use: Potion            |       |     2 ||     2
 Stab: Sleeping          |     6 |     4 ||    10
Armor: Skin              |     6 |     7 ||    13
Dodge: Dodged            |    43 |    28 ||    71

Levels and vault maps discovered:
D:1:      minmay_arrival_checkered_box, layout_basic,
          hellmonk_ecumenical_altar_crossroads
D:2:      layout_rooms, basic_altar, kennysheep_cross_bottleneck,
          wander_ebering_terrifying_dragon_lair
D:3:      layout_loops_ring, st_stairs_8, serial_park_tiny_pond, uniq_grinder,
          uniq_crazy_yiuf_cottage
D:4:      layout_loops_cross, kennysheep_generic_room_3

Notes
Turn   | Place    | Note
-------+----------+-------------------------------------------
     0 | D:1      | Raultor the Octopode Transmuter began the quest for the
                  | Orb.
     0 | D:1      | Reached XP level 1. HP: 13/13 MP: 3/3
   256 | D:1      | Found a faded altar of an unknown god.
   337 | D:1      | Reached XP level 2. HP: 18/18 MP: 3/5
  1195 | D:2      | Learned a level 2 spell: Wereblood
  1225 | D:2      | Reached XP level 3. HP: 23/23 MP: 6/6
  1257 | D:2      | Reached skill level 3 in Transmutations
  1274 | D:2      | Found a sacrificial altar of Ru.
  1559 | D:2      | Reached skill level 4 in Unarmed Combat
  1559 | D:2      | Reached XP level 4. HP: 23/28 MP: 7/7
  1564 | D:2      | Learned a level 4 spell: Ice Form
  2077 | D:3      | Reached skill level 1 in Ice Magic
  2082 | D:3      | Reached XP level 5. HP: 15/33 MP: 8/8
  2265 | D:3      | Found a runed translucent door.
  2266 | D:3      | Noticed Crazy Yiuf
  2534 | D:3      | Noticed Grinder
  3057 | D:3      | Killed Crazy Yiuf
  3322 | D:4      | Reached skill level 4 in Transmutations
  3322 | D:4      | Reached skill level 2 in Ice Magic
  3324 | D:4      | HP: 3/33 [poisoned by a scorpion]
  3326 | D:4      | HP: 1/33 [poisoned by a scorpion]
  3327 | D:4      | Succumbed to a scorpion's poison

Vanquished Creatures
  A scorpion (D:4)
  An orc priest (D:3)
  Crazy Yiuf (D:3)
  4 adders
  2 worms
  2 orcs (D:3)
  8 bats
  4 endoplasms
  2 giant cockroaches
  8 goblins
  6 hobgoblins
  2 jackals (D:1)
  7 kobolds
  A quokka (D:4)
  5 ball pythons
  3 frilled lizards
  3 rats
60 creatures vanquished.

Table legend: (Time is in decaauts)
 A = Elapsed time spent in this place.
 B = Non-inter-level travel time spent in this place.
 C = Inter-level travel time spent in this place.
 D = Time resting spent in this place.
 E = Time spent auto-exploring this place.
 F = Levels seen in this place.
 G = Mean time per level.
                   A        B        C        D        E       F      G
               +--------+--------+--------+--------+--------+-----+--------+
         Total |   3300 |   3183 |    117 |      0 |   2725 |   4 |  825.0 |
       Dungeon |   3300 |   3183 |    117 |      0 |   2725 |   4 |  825.0 |
               +--------+--------+--------+--------+--------+-----+--------+

Top non-repeatable levels by time:
     D:3: 1315 daAuts
     D:1: 1188 daAuts
     D:2: 679 daAuts
     D:4: 116 daAuts

Table legend:
 A = Non-vault XP
 B = Vault XP
 C = Vault XP percentage of total XP
 D = Non-vault monster count
 E = Vault monster count
 F = Vault count percentage of total count
                 A         B        C        D         E       F
            +---------+---------+-------+---------+---------+-------
      Total |     276 |      41 |  12.9 |      56 |       4 |   6.7
            +---------+---------+-------+---------+---------+-------
        D:1 |      33 |       0 |   0.0 |      19 |       0 |   0.0
        D:2 |      65 |       1 |   1.5 |      16 |       1 |   5.9
        D:3 |      87 |      40 |  31.5 |      16 |       3 |  15.8
        D:4 |      91 |       0 |   0.0 |       5 |       0 |   0.0
            +---------+---------+-------+---------+---------+-------
